 Dungeon Crawl Stone Soup version 0.21.1-1-g345015fe64 (webtiles) character file.

4715 Jyngge the Cleaver (level 10, -2/88 HPs)
             Began as a Minotaur Fighter on June 22, 2018.
             Was a Follower of the Shining One.
             Slain by a yaktaur captain
             ... wielding a +1 halberd of freezing
              (16 damage)
             ... on level 9 of the Dungeon.
             The game lasted 00:38:32 (9210 turns).

Jyngge the Cleaver (Minotaur Fighter)               Turns: 9210, Time: 00:38:33

Health: -2/88      AC: 14    Str: 25    XL:     10   Next: 22%
Magic:  9/9        EV:  7    Int:  5    God:    the Shining One [*.....]
Gold:   484        SH: 11    Dex:  9    Spells: 9/9 levels left

rFire    . . .     SeeInvis .   e - +1 hand axe (freeze)
rCold    . . .     Gourm    .   c - +0 shield
rNeg     . . .     Faith    .   A - -1 plate armour
rPois    .         Spirit   .   (helmet restricted)
rElec    .         Reflect  .   (no cloak)
rCorr    .         Harm     .   y - +0 pair of gloves
MR       .....                  (no boots)
Stlth    ..........             w - amulet of rage
HPRegen  0.24/turn              (no ring)
MPRegen  0.11/turn              (no ring)

@: flayed, glowing
A: retaliatory headbutt, horns 2
a: Renounce Religion, Evoke Berserk Rage


You were on level 9 of the Dungeon.
You worshipped the Shining One.
The Shining One was aware of your devotion.
You were not hungry.

You visited 1 branch of the dungeon, and saw 9 of its levels.

You collected 484 gold pieces.

Inventory:

Hand Weapons
 a - a +1 war axe
 e - a +1 hand axe of freezing (weapon)
 s - a +0 hunting sling
 u - a +3 dire flail of protection
 P - a +1 flail of holy wrath
Missiles
 t - 74 sling bullets
Armour
 b - a +0 scale mail
 c - a +0 shield (worn)
 v - a +0 chain mail
 y - a +0 pair of gloves (worn)
 A - a -1 plate armour (worn)
 Q - +0 steam dragon scales
Jewellery
 q - an uncursed ring of protection from magic {unknown}
 w - an amulet of rage (around neck)
 L - a cursed amulet of inaccuracy {unknown}
 O - an uncursed amulet of the gourmand {unknown}
 S - an uncursed amulet of guardian spirit {unknown}
Wands
 J - a wand of acid (18)
 N - a wand of enslavement (10)
 R - a wand of polymorph (15)
Scrolls
 h - 17 scrolls of identify
 j - a scroll of fog {unknown}
 l - 5 scrolls of remove curse
 m - 2 scrolls of enchant weapon
 n - 2 scrolls of noise
 o - 4 scrolls of teleportation
 B - a scroll of blinking {unknown}
 H - a scroll of immolation {unknown}
 I - a scroll of random uselessness {unknown}
 K - 3 scrolls of enchant armour {unknown}
 M - a scroll of amnesia {unknown}
 U - 4 scrolls of magic mapping {unknown}
Potions
 d - a potion of might
 g - a potion of resistance {unknown}
 i - 6 potions of curing {unknown}
 k - 2 potions of cancellation {unknown}
 p - 3 potions of heal wounds {unknown}
 r - 2 potions of ambrosia {unknown}
 x - 2 potions of lignification {unknown}
 z - 3 potions of haste {unknown}
 D - 3 potions of mutation {unknown}
 F - a potion of invisibility {unknown}
 G - a potion of brilliance {unknown}
Books
 C - a book of Air

   Spells                             Type                      Level
   a - Shock                          Conjuration/Air              1
   b - Swiftness                      Charms/Air                   2
   c - Static Discharge               Conjuration/Air              3
   d - Airstrike                      Air                          4
   e - Lightning Bolt                 Conjuration/Air              5
 E - a book of Changes

   Spells                             Type                      Level
   a - Beastly Appendage              Transmutation                1
   b - Sticks to Snakes               Transmutation                2
   c - Spider Form                    Transmutation/Poison         3
   d - Ice Form                       Ice/Transmutation            4
   e - Blade Hands                    Transmutation                5
Comestibles
 f - 18 rations


   Skills:
 + Level 7.7 Fighting
 + Level 11.7 Axes
 + Level 9.0 Armour
 - Level 2.5 Dodging
 + Level 0.5 Stealth
 + Level 8.7 Shields


You had 9 spell levels left.
You didn't know any spells.

Dungeon Overview and Level Annotations

Branches:
Dungeon (9/15)             Temple (0/1) D:4
   Lair: D:8-11         Orc: D:9-12

Altars:
Cheibriados
Dithmenos
Fedhas
Gozag
Hepliaklqana
Kikubaaqudgha
Makhleb
Nemelex Xobeh
Qazlal
Sif Muna
Uskayaw
Yredelemnul
Zin
The Shining One

Shops:
D:5 *


Innate Abilities, Weirdness & Mutations

You reflexively headbutt those who attack you in melee.
You have a pair of horns on your head.


Message History

You hit the flayed ghost. You freeze the flayed ghost.
The flayed ghost is lightly damaged.
The flayed ghost hits you!
You barely miss the flayed ghost.
The flayed ghost is lightly damaged.
You hit the flayed ghost. You freeze the flayed ghost.
Your headbutt misses the flayed ghost.
The flayed ghost is moderately damaged.
The flayed ghost cries, "Suffer as I suffered!"
You block the flayed ghost's attack.
There is an open door, spattered with blood here.
You slash the flayed ghost! You freeze the flayed ghost.
The flayed ghost is heavily damaged.
The flayed ghost hits you!
* * * LOW HITPOINT WARNING * * *
You hit the flayed ghost. You freeze the flayed ghost.
Your headbutt misses the flayed ghost.
The flayed ghost is heavily damaged.
The yaktaur captain hits you from afar with a halberd of freezing!
You die...

############
####..........#
#.............#
#.##########..#
#.#..#y8#..#..#
#.#..c8.'..#..#
#.##W####'##..#
#.#.@# #..#### #.#.%#
#..##.#
#.##'#######..#..#
#.#..'..'..#..#..####
#.#..#..#..'.........
#.##########.....##§.
#.................§#.
####
###..###.#.....#.##§§
...## #..#
#.........#§#§


You could see a yaktaur captain, a flayed ghost and a hornet.

Vanquished Creatures
  An ugly thing (D:9)
  Prince Ribbit (D:4)
  A spriggan (D:9)
  Eustachio (D:5)
  The ghost of Dommiel19 the Chopper, an amateur HOAK of Lugonu (D:3)
  A steam dragon (D:9)
  Menkaure (D:4)
  Edmund (D:4)
  A water moccasin (D:9)
  2 orc warriors (D:6)
  A sky beast (D:5)
  5 phantoms
  A black bear (D:9)
  2 ice beasts
  2 ogres (D:4)
  A necrophage (D:6)
  2 centaurs
  2 big kobolds
  5 bullfrogs
  2 scorpions
  4 killer bees (D:9)
  A howler monkey (D:4)
  5 hounds
  A centaur skeleton (D:9)
  A centaur zombie (D:5)
  3 jellies
  2 orc priests
  3 orc wizards
  A bullfrog skeleton (D:4)
  11 worker ants
  3 gnolls (D:6)
  12 adders
  An ooze (D:4)
  An adder skeleton (D:8)
  3 worms
  3 dart slugs
  10 leopard geckos
  24 orcs
  7 giant cockroaches
  6 goblins
  17 hobgoblins
  2 jackals (D:2)
  24 kobolds
  A quokka (D:4)
  5 ball pythons
  8 bats
  3 frilled lizards
  3 rats
  2 bushes (D:1)
  2 plants (D:1)
203 creatures vanquished.

Notes
Turn   | Place    | Note
-------+----------+-------------------------------------------
     0 | D:1      | Jyngge the Minotaur Fighter began the quest for the Orb.
     0 | D:1      | Reached XP level 1. HP: 19/19 MP: 0/0
    36 | D:1      | Reached XP level 2. HP: 26/27 MP: 1/1
   323 | D:1      | Reached skill level 3 in Axes
   329 | D:1      | Reached XP level 3. HP: 31/33 MP: 2/2
   607 | D:2      | Found an ancient bone altar of Kikubaaqudgha.
   608 | D:2      | Found a glowing golden altar of the Shining One.
   638 | D:2      | Found a blossoming altar of Fedhas.
  1053 | D:2      | Found a burning altar of Makhleb.
  1096 | D:2      | Reached XP level 4. HP: 17/40 MP: 3/3
  1688 | D:3      | Reached skill level 4 in Axes
  1827 | D:3      | Reached XP level 5. HP: 13/47 MP: 4/4
  2174 | D:3      | Noticed Dommiel19's ghost (amateur HOAK)
  2195 | D:3      | Killed Dommiel19's ghost
  2195 | D:3      | Reached skill level 5 in Axes
  2195 | D:3      | Reached skill level 5 in Armour
  2195 | D:3      | Reached skill level 1 in Dodging
  2195 | D:3      | Reached XP level 6. HP: 22/55 MP: 5/5
  2649 | D:3      | Found a snail-covered altar of Cheibriados.
  2710 | D:3      | Reached skill level 5 in Fighting
  2843 | D:3      | Found a glowing silver altar of Zin.
  3059 | D:4      | Found a glowing golden altar of the Shining One.
  3086 | D:4      | Became a worshipper of the Shining One
  3158 | D:4      | Reached skill level 6 in Axes
  3293 | D:4      | Found a staircase to the Ecumenical Temple.
  3323 | D:4      | Noticed Edmund
  3332 | D:4      | Reached skill level 5 in Shields
  3339 | D:4      | Killed Edmund
  3339 | D:4      | Reached XP level 7. HP: 37/61 MP: 6/6
  3507 | D:4      | Reached skill level 7 in Axes
  3515 | D:4      | Noticed Menkaure
  3527 | D:4      | Killed Menkaure
  3527 | D:4      | Reached XP level 8. HP: 31/70 MP: 7/7
  4146 | D:5      | Entered Level 5 of the Dungeon
  4184 | D:5      | Noticed Prince Ribbit
  4648 | D:4      | Killed Prince Ribbit
  4648 | D:4      | Reached skill level 8 in Axes
  4719 | D:5      | Found an opulent altar of Gozag.
  4723 | D:5      | Found Gozag's Platinum Reserve.
  4813 | D:5      | Noticed Eustachio
  4823 | D:5      | Killed Eustachio
  4988 | D:5      | Found a stormy altar of Qazlal.
  5008 | D:5      | Reached skill level 9 in Axes
  5061 | D:5      | Found a basalt altar of Yredelemnul.
  5064 | D:5      | Found a sparkling altar of Nemelex Xobeh.
  5067 | D:5      | Found a hazy altar of Hepliaklqana.
  5563 | D:6      | Reached XP level 9. HP: 54/78 MP: 8/8
  5996 | D:6      | Found a sparkling altar of Nemelex Xobeh.
  6021 | D:6      | Reached * piety under the Shining One
  6079 | D:6      | Reached skill level 10 in Axes
  6503 | D:7      | Found a deep blue altar of Sif Muna.
  7926 | D:9      | Reached skill level 11 in Axes
  8236 | D:9      | Found a hide-covered altar of Uskayaw.
  8429 | D:9      | Reached XP level 10. HP: 65/86 MP: 9/9
  8827 | D:9      | Found a shadowy altar of Dithmenos.
  9172 | D:9      | Found a runed door.
  9180 | D:9      | Noticed a green ugly thing
  9190 | D:9      | Killed a green ugly thing
  9194 | D:9      | Noticed a flayed ghost
  9197 | D:9      | Noticed a yaktaur captain
  9210 | D:9      | Slain by a yaktaur captain

Skill      XL: |  1  2  3  4  5  6  7  8  9 10 |
---------------+-------------------------------+-----
Fighting       | 4 5 6 7 |  7.7
Armour         | 4 5 6 7 8 9 |  9.0
Axes           | 3 4 5 6 7 9 11 | 11.7
Shields        | 4 5 6 8 |  8.7
Dodging        | 1 2 |  2.5
Stealth        | |  0.5

Action                   |  1- 3 |  4- 6 |  7- 9 | 10-12 || total
-------------------------+-------+-------+-------+-------++-------
Melee: War axe           |   211 |   154 |   209 |       ||   574
       Headbutt          |    47 |    14 |    40 |     8 ||   109
       Hand axe          |       |       |    87 |    45 ||   132
  Use: Scroll            |       |       |     5 |       ||     5
  Eat: Chunk             |     1 |     8 |     6 |     2 ||    17
       Ration            |       |       |     3 |       ||     3
Armor: Scale mail        |    66 |    70 |       |       ||   136
       Chain mail        |       |       |    27 |       ||    27
       Plate armour      |       |       |    81 |    10 ||    91
Dodge: Dodged            |    50 |    53 |    63 |    13 ||   179
Block: Shield            |    74 |    87 |   146 |    31 ||   338
